 Dungeon Crawl Stone Soup version 0.24-a0-507-g3e8b242632 (webtiles) character file.

Game seed: 10227571988178069469

3437 Atelerd the Destroyer (level 10, -26/56 HPs)
             Began as an Octopode Wizard on July 19, 2019.
             Was a Follower of Sif Muna.
             Annihilated by a white ugly thing (34 damage)
             ... on level 8 of the Dungeon.
             The game lasted 00:22:48 (8937 turns).

Atelerd the Destroyer (Octopode Wizard)             Turns: 8937, Time: 00:22:52

Health: -26/56     AC:  4    Str:  3    XL:     10   Next: 5%
Magic:  17/30      EV: 13    Int: 19    God:    Sif Muna [*.....]
Gold:   335        SH:  5    Dex: 10    Spells: 15/24 levels left

rFire    + . .     SeeInvis .   F - +7 long sword "Yssor" {freeze, rElec rPois Str-4 Stlth+}
rCold    . . .     Gourm    .   e - +0 buckler
rNeg     . . .     Faith    .   a - +0 hat
rPois    +         Spirit   .   t - amulet of regeneration
rElec    +         Reflect  .   b - ring of protection from fire
rCorr    .         Harm     .   k - ring of ice
MR       .....                  x - ring "Upatiaz" {+Blink rPois MR- MP+9 Int-5}
Stlth    +++++.....             y - ring of stealth
HPRegen  0.58/turn              E - +3 ring of protection
MPRegen  0.22/turn              I - ring of fire
                                (no ring)
                                (no ring)

@: no status effects
A: almost no armour, stealthy swim, amphibious, 8 rings, constrict 8, camouflage
1, gelatinous body 1
a: Channel Magic, Renounce Religion, Evoke Blink


You were on level 8 of the Dungeon.
You worshipped Sif Muna.
Sif Muna was aware of your devotion.
You were hungry.

You visited 2 branches of the dungeon, and saw 9 of its levels.

You collected 335 gold pieces.

Inventory:

Hand Weapons
 d - a +0 short sword
 l - a +0 hunting sling
 n - a +5 mace
 w - a +1 short sword of draining
 F - the +7 long sword "Yssor" (weapon) {freeze, rElec rPois Str-4 Stlth+}
   (You found it on level 7 of the Dungeon)

   It has been specially enchanted to freeze those struck by it, causing extra
   injury to most foes and up to half again as much damage against particularly
   susceptible opponents.
   It can also slow down cold-blooded creatures.
   It affects your strength (-4).
   It insulates you from electricity.
   It protects you from poison.
   It makes you more stealthy.
Missiles
 o - 3 silver javelins
 p - 35 poisoned darts (quivered)
 v - 14 silver boomerangs
Armour
 a - a +0 hat (worn)
 e - a +0 buckler (worn)
Jewellery
 b - a ring of protection from fire (left tentacle)
 k - a ring of ice (right tentacle)
 t - an amulet of regeneration (around mantle)
 x - the ring "Upatiaz" (on tentacle) {+Blink rPois MR- MP+9 Int-5}
   (You found it on level 5 of the Dungeon)

   [ring of magical power]

   It affects your intelligence (-5).
   It protects you from poison.
   It affects your resistance to hostile enchantments.
   It affects your magic capacity (+9).
   It lets you blink.
 y - a ring of stealth (on tentacle)
 E - a +3 ring of protection (on tentacle)
 I - a ring of fire (on tentacle)
Wands
 H - a wand of flame (9)
Scrolls
 j - 3 scrolls of remove curse
 m - 2 scrolls of fog {unknown}
 r - 3 scrolls of random uselessness
 u - 2 scrolls of enchant weapon
 z - a scroll of enchant armour {unknown}
 A - a scroll of fear {unknown}
 C - 2 scrolls of amnesia {unknown}
 D - a scroll of vulnerability {unknown}
Potions
 f - a potion of lignification {unknown}
 g - a potion of heal wounds
 h - 2 potions of curing {unknown}
 i - a potion of brilliance {unknown}
 q - 2 potions of might
 s - a potion of cancellation {unknown}
 B - 2 potions of degeneration {unknown}
 G - a potion of agility {unknown}
Comestibles
 c - 6 rations


   Skills:
 - Level 2.0 Dodging
 - Level 2.6 Stealth
 + Level 7.7 Shields
 + Level 7.9 Spellcasting
 + Level 8.4 Conjurations
   Level 1.0 Summonings
 - Level 1.0 Translocations


You had 15 spell levels left.
You knew the following spells:

 Your Spells              Type           Power        Failure   Level  Hunger
a - Magic Dart            Conj           ####         1%          1    None
b - Mephitic Cloud        Conj/Pois/Air  ###.....     9%          3    None
c - Blink                 Tloc           N/A          9%          2    None
d - Conjure Flame         Conj/Fire      #####...     4%          3    None

Your spell library contained the following spells:

 Spells                   Type           Power        Failure   Level  Hunger
 Call Imp                 Summ           ##......     9%          2    None
 Slow                     Hex            #.......     14%         2    None


Dungeon Overview and Level Annotations

Branches:
Dungeon (8/15)             Temple (1/1) D:6
   Lair: D:8-11

Altars:
Ashenzari
Cheibriados
Dithmenos
Elyvilon
Hepliaklqana
Kikubaaqudgha
Makhleb
Nemelex Xobeh
Okawaru
Qazlal
Ru
Sif Muna
Trog
Uskayaw
Wu Jian
Zin
The Shining One

Annotations:
D:3 exclusion: 3 downstairs
D:7 exclusion: 2 downstairs


Innate Abilities, Weirdness & Mutations

You cannot wear most types of armour.
You are very stealthy in the water. (Stealth+)
You are amphibious.
You can wear up to eight rings at the same time.
You can use your tentacles to constrict eight enemies at once.
Your skin changes colour to match your surroundings (Stealth+).
Your rubbery body absorbs attacks. (AC +1, EV +1)


Message History

Unknown command.
You barely miss the white ugly thing. Your grab misses the white ugly thing.
The white ugly thing is moderately wounded.
The white ugly thing is engulfed in blazing flames.
You block the white ugly thing's attack.
Unknown command.
You hit the white ugly thing. You freeze the white ugly thing.
You grab the white ugly thing. You squeeze the white ugly thing.
The white ugly thing is severely wounded.
You constrict the white ugly thing, but do no damage.
The white ugly thing is engulfed in blazing flames.
The white ugly thing pecks you! The white ugly thing freezes you!!
Ouch! That really hurt!
* * * LOW HITPOINT WARNING * * *
The white ugly thing is engulfed in blazing flames.
The white ugly thing pecks you!
* * * LOW HITPOINT WARNING * * *
The white ugly thing freezes you!!
Ouch! That really hurt!
You die...

#......)## #######..#
#...### #.......#
#...... #.#.#.#.#
#....# #.......# #....#
## #####.#.#.#.#
#....#...
#...........###○§.....#
#.###.#.#.#....u.....?#
#.# #.........†@..#
#.###..#..####...##
#.........# ##........
#..##.##### #.##.###.
#..##†# ####.##.##
##..##.# ##.........#
.......### #..#.#.#.#.#
.#.......# #..........#
....##.#.#
#..#.#.#.#.##


You could see a white ugly thing.

Vanquished Creatures
  A two-headed ogre (D:8)
  A hungry ghost (D:7)
  2 orc warriors
  3 sky beasts
  2 phantoms
  An ogre (D:4)
  2 big kobolds
  2 bullfrogs
  2 scorpions (D:6)
  4 killer bees (D:8)
  2 howler monkeys
  11 wights (D:7)
  A bullfrog zombie (D:6)
  A crimson imp (D:7)
  5 hounds
  2 orc priests (D:8)
  A bullfrog skeleton (D:7)
  4 orc wizards
  4 iguanas
  7 worker ants
  A hound skeleton (D:7)
  12 adders
  A howler monkey skeleton (D:6)
  2 shadow imps
  2 adder skeletons
  5 worms
  3 dart slugs
  A leopard gecko (D:8)
  10 orcs
  7 bats
  7 giant cockroaches
  4 goblins
  6 hobgoblins
  2 jackals (D:8)
  17 kobolds
  2 quokkas
  7 frilled lizards
  A giant cockroach zombie (D:4)
  A jackal zombie (D:7)
  A quokka zombie (D:6)
  10 rats
160 creatures vanquished.

Notes
Turn   | Place    | Note
-------+----------+-------------------------------------------
     0 | D:1      | Atelerd the Octopode Wizard began the quest for the Orb.
     0 | D:1      | Reached XP level 1. HP: 11/11 MP: 4/4
   563 | D:1      | Reached XP level 2. HP: 17/17 MP: 0/6
   761 | D:1      | Reached skill level 2 in Conjurations
  1551 | D:2      | Reached XP level 3. HP: 21/21 MP: 4/7
  1702 | D:2      | Learned a level 3 spell: Mephitic Cloud
  1705 | D:2      | Learned a level 2 spell: Blink
  2099 | D:2      | Reached skill level 3 in Conjurations
  2134 | D:2      | Learned a level 3 spell: Conjure Flame
  2214 | D:2      | Found a glowing golden altar of the Shining One.
  2253 | D:2      | Found a sacrificial altar of Ru.
  2408 | D:3      | Reached XP level 4. HP: 23/27 MP: 9/9
  2615 | D:3      | Found a faded altar of an unknown god.
  2801 | D:3      | Found a burning altar of Makhleb.
  2816 | D:3      | Reached skill level 1 in Shields
  2816 | D:3      | Reached XP level 5. HP: 16/31 MP: 1/10
  2964 | D:3      | Found a white marble altar of Elyvilon.
  3255 | D:4      | Noticed an orc warrior
  4122 | D:3      | Killed an orc warrior
  4122 | D:3      | Reached skill level 4 in Conjurations
  4122 | D:3      | Reached XP level 6. HP: 28/36 MP: 5/12
  4968 | D:4      | Reached XP level 7. HP: 41/41 MP: 12/14
  5129 | D:5      | Entered Level 5 of the Dungeon
  5314 | D:5      | Reached skill level 5 in Spellcasting
  5314 | D:5      | Reached skill level 5 in Conjurations
  5404 | D:5      | Got a flickering tin ring
  5484 | D:5      | Identified the ring "Upatiaz" {+Blink rPois MR- MP+9 Int-5}
                  | (You found it on level 5 of the Dungeon)
  6138 | D:6      | Found a staircase to the Ecumenical Temple.
  6158 | D:6      | Reached XP level 8. HP: 46/46 MP: 16/16
  6171 | Temple   | Entered the Ecumenical Temple
  6230 | Temple   | Became a worshipper of Sif Muna the Loreminder
  6634 | D:6      | Reached skill level 6 in Conjurations
  6772 | D:7      | Reached skill level 5 in Shields
  7203 | D:7      | Reached XP level 9. HP: 51/51 MP: 14/18
  7342 | D:7      | Reached skill level 7 in Conjurations
  7539 | D:7      | Reached * piety under Sif Muna
  7672 | D:7      | Got a transparent long sword
  7698 | D:7      | Identified the +7 long sword "Yssor" {freeze, rElec rPois
                  | Str-4 Stlth+} (You found it on level 7 of the Dungeon)
  8288 | D:8      | Noticed a two-headed ogre
  8493 | D:8      | Killed a two-headed ogre
  8493 | D:8      | Reached skill level 8 in Conjurations
  8532 | D:8      | Noticed a two-headed ogre
  8727 | D:8      | Noticed a white ugly thing
  8737 | D:8      | Reached XP level 10. HP: 50/56 MP: 21/21
  8937 | D:8      | Annihilated by a white ugly thing

Levels and vault maps discovered:
D:1:      dpeg_cavernosity, layout_basic, serial_forest,
          infiniplex_forest_clump_long, infiniplex_forest_fountain,
          infiniplex_forest_clump_cross, infiniplex_forest_straight_2,
          infiniplex_forest_straight_2, infiniplex_forest_lined_room_,
          infiniplex_forest_3_way, infiniplex_forest_straight_4,
          infiniplex_forest_end_1
D:2:      layout_rooms, lemuel_crystal_altar, grunt_ministairs_9,
          nicolae_ru_the_path_less_chosen
D:3:      layout_rooms, lemuel_coloured_pillars_altar,
          makhleb_blood_cavern_becter, chequers_ecumenical_altar_island
D:4:      layout_basic, first_ration, kennysheep_generic_room_11
D:5:      layout_loops_ring, uniq_eustachio
D:6:      layout_basic, minmay_temple_entry_grid
D:7:      layout_loops_ring
D:8:      hangedman_cross_stitches, layout_loops_corners, serial_glass,
          glass_columns_b, glass_columns_a, glass_columns_b, glass_columns_b,
          glass_columns_b, glass_columns_a, glass_columns_a, glass_columns_c,
          glass_columns_a, glass_columns_b, glass_columns_c, glass_columns_a,
          glass_columns_c, glass_columns_a
Temple:   dshaligram_water_room_temple

Skill      XL: |  1  2  3  4  5  6  7  8  9 |
---------------+----------------------------+-----
Conjurations   | 2 3 4 5 6 8 |  8.4
Shields        | 1 2 3 4 5 7 |  7.7
Spellcasting   | 4 5 6 7 |  7.9
Dodging        | |  2.0
Stealth        | |  2.6
Summonings     | |  1.0
Translocations | |  1.0

Action                   |  1- 3 |  4- 6 |  7- 9 | 10-12 || total
-------------------------+-------+-------+-------+-------++-------
Melee: Short sword       |    52 |    53 |    81 |       ||   186
       Constrict         |    13 |    11 |    29 |     1 ||    54
       Tentacles         |     5 |     7 |    13 |     1 ||    26
       Long sword        |       |       |    26 |     5 ||    31
       Mace              |       |       |     3 |       ||     3
Throw: Dart              |       |     9 |     8 |       ||    17
       Javelin           |       |       |    15 |       ||    15
       Boomerang         |       |       |     5 |       ||     5
 Cast: Magic Dart        |    61 |    73 |   249 |    11 ||   394
       Mephitic Cloud    |     3 |    13 |    30 |     3 ||    49
       Blink             |       |     3 |     8 |       ||    11
       Conjure Flame     |       |     2 |    32 |     4 ||    38
  Use: Scroll            |       |       |     5 |       ||     5
       Potion            |       |       |     1 |       ||     1
 Stab: Sleeping          |     3 |     2 |     1 |       ||     6
       Confused          |     3 |     2 |    11 |       ||    16
  Eat: Chunk             |     5 |     5 |    12 |       ||    22
       Ration            |       |     1 |     1 |       ||     2
Armor: Skin              |     7 |     2 |     2 |       ||    11
Dodge: Dodged            |    35 |    40 |    81 |       ||   156
Block: Buckler           |       |       |    17 |     1 ||    18
       Rpst.: Long sword |       |       |     9 |       ||     9

Table legend:
 A = Non-vault XP
 B = Vault XP
 C = Vault XP percentage of total XP
 D = Non-vault monster count
 E = Vault monster count
 F = Vault count percentage of total count
                 A         B        C        D         E       F
            +---------+---------+-------+---------+---------+-------
      Total |    4597 |     314 |   6.4 |     150 |      10 |   6.2
            +---------+---------+-------+---------+---------+-------
        D:1 |      22 |      11 |  33.3 |      15 |       4 |  21.1
        D:2 |      41 |       6 |  12.8 |      16 |       2 |  11.1
        D:3 |     202 |      46 |  18.5 |      22 |       1 |   4.3
        D:4 |     311 |     118 |  27.5 |      18 |       1 |   5.3
        D:5 |     274 |       0 |   0.0 |       7 |       0 |   0.0
        D:6 |     620 |       0 |   0.0 |      26 |       0 |   0.0
        D:7 |    1546 |       0 |   0.0 |      29 |       0 |   0.0
        D:8 |    1581 |     133 |   7.8 |      17 |       2 |  10.5
            +---------+---------+-------+---------+---------+-------
